 Dungeon Crawl Stone Soup version 0.18.1-47-g9310371 (webtiles) character file.

277 zezitan the Ducker (level 6, -1/59 HPs)
             Began as a Troll Fighter on June 21, 2016.
             Was an Initiate of Ashenzari.
             Succumbed to a goblin's poison
             ... on level 4 of the Dungeon.
             The game lasted 00:36:16 (3605 turns).

zezitan the Ducker (Troll Fighter)                  Turns: 3605, Time: 00:36:17

Health: -1/59      AC:  5    Str: 27    XL:     6   Next: 4%
Magic:  14/14      EV:  9    Int:  4    God:    Ashenzari [......]
Gold:   186        SH:  9    Dex:  9    Spells: 0 memorised, 5 levels left

rFire  . . .     SeeInvis .     M - -2 flail (curse)
rCold  . . .     Gourm    +     b - +0 robe
rNeg   . . .     Faith    .     n - +0 shield (curse)
rPois  .         Spirit   .     m - +0 hat
rElec  .         Dismiss  .     (no cloak)
rCorr  .         Reflect  .     (gloves unavailable)
SustAt .         Harm     .     (boots unavailable)
MR     .....                    (no amulet)
Stlth  +.........               (no ring)
                                e - ring of magical power

@: lethally poisoned (-1 -> -26), not resistant to hostile enchantments, very
unstealthy
A: unfitting armour, claws 3, fast metabolism 3, gourmand, regeneration 2,
shaggy fur 1, tough skin 2
a: Curse Item, Renounce Religion


You were on level 4 of the Dungeon.
You worshipped Ashenzari.
Ashenzari was noncommittal.
You were not hungry.

You visited 1 branch of the dungeon, and saw 4 of its levels.

You collected 186 gold pieces.

Inventory:

Hand Weapons
 a - a +0 flail
 k - a +0 short sword
 o - a +0 club
 s - a +0 hand axe
 t - a +0 whip
 u - a +0 dagger
 v - a +0 dagger
 x - a +0 whip of electrocution
 B - a +0 falchion
 G - a +0 war axe
 M - a cursed -2 flail (weapon)
Missiles
 i - 137 stones (quivered)
 j - 45 sling bullets
 K - 33 arrows
 O - 25 poisoned needles
Armour
 b - a +0 robe (worn)
 c - a +0 shield
 m - a +0 hat (worn)
 n - a cursed +0 shield (worn)
 E - a +0 robe
 Q - the +0 pair of gloves of the Alphagorgon {rElec Str-5 Int+5}
   (You found it on level 4 of the Dungeon)

   It affects your strength (-5).
   It affects your intelligence (+5).
   It insulates you from electricity.
Jewellery
 e - a ring of magical power (left claw)
 A - an uncursed ring of fire
 J - an uncursed ring of protection from magic
Scrolls
 g - a scroll of amnesia
 q - a scroll of enchant weapon {unknown}
 y - a scroll of recharging {unknown}
 C - a scroll of identify
 D - 2 scrolls of fog {unknown}
 F - a scroll of enchant armour {unknown}
 I - 3 scrolls of remove curse
Potions
 d - a potion of might
 h - a potion of resistance {unknown}
 l - 3 potions of curing {unknown}
 p - a potion of experience {unknown}
 H - a potion of invisibility {unknown}
 P - a potion of magic {unknown}
Comestibles
 f - 3 bread rations
 r - 3 meat rations
 w - 6 chunks of flesh
 z - a beef jerky
 N - a royal jelly


   Skills:
 + Level 2.9 Fighting
 + Level 2.9 Maces & Flails
 + Level 4.1 Dodging
 + Level 3.5 Shields


You had 5 spell levels left.
You didn't know any spells.

Dungeon Overview and Level Annotations

Branches:
Dungeon (4/15)
 Temple: D:4-7

Altars:
Ashenzari
Cheibriados

Annotations:
D:4 Robin


Innate Abilities, Weirdness & Mutations

You are too large for most types of armour.
You have claws for hands.
Your metabolism is lightning-fast.
You like to eat raw meat.
You heal very quickly.
You are covered in fur (AC +1).
You have very tough skin (AC +2).


Message History

The orc shouts!
You thump the goblin!
You kill the goblin!
* * * LOW HITPOINT WARNING * * *
You feel very sick.
The goblin no longer looks unusually strong.
You block the goblin's attack.
* * * LOW HITPOINT WARNING * * *
You feel very sick.
The goblin no longer looks unusually strong.
Robin roars a battlecry!
The goblins go into a battle-frenzy!
Some of the chunks of flesh in your inventory have rotted away.
Items here: ))) ? ††
* * * LOW HITPOINT WARNING * * *
You feel very sick. Robin throws the goblin at you!
The goblin closely misses you.
* * * LOW HITPOINT WARNING * * *
You feel very sick.
You die... . # ##.# g## ####.###..# g.. ..##..)..# #.# #.#####).####### ..##.# #......... ..h#.#.#g#####.######## ....ogghhggg)g.#

#..#.#h#h#####.# ..##.#
#@# #.# #.# #.# ... #.#
#.#######.. ### #.#
#..)....... #.#
##..######.. #.#
#...#######
##########.####÷.........
....)........##.#....####
#.######.....##.####.#


You could see a goblin.

Vanquished Creatures
  An orc priest (D:3)
  A hound (D:4)
  2 orc wizards (D:3)
  A hound skeleton (D:4)
  3 gnolls (D:3)
  3 adders (D:2)
  An adder skeleton (D:3)
  2 dart slugs (D:1)
  3 giant geckos
  8 orcs
  A giant cockroach (D:1)
  13 goblins
  10 hobgoblins
  5 jackals (D:4)
  8 kobolds
  4 quokkas
  5 bats
  3 giant newts
  5 rats
79 creatures vanquished.

Notes
Turn   | Place    | Note
--------------------------------------------------------------
     0 | D:1      | zezitan the Troll Fighter began the quest for the Orb.
     0 | D:1      | Reached XP level 1. HP: 22/22 MP: 0/0
   275 | D:1      | Reached XP level 2. HP: 14/29 MP: 1/1
  1063 | D:2      | Reached XP level 3. HP: 36/36 MP: 2/2
  1290 | D:2      | Reached skill level 3 in Dodging
  1607 | D:2      | Reached XP level 4. HP: 44/44 MP: 3/3
  2098 | D:3      | Found a shattered altar of Ashenzari.
  2157 | D:3      | Became a worshipper of Ashenzari the Shackled
  2467 | D:3      | Reached XP level 5. HP: 26/52 MP: 4/4
  2763 | D:3      | Found a snail-covered altar of Cheibriados.
  2815 | D:3      | HP: 1/52 [orc priest/divine providence (12)]
  2823 | D:3      | Reached skill level 4 in Dodging
  3481 | D:4      | Got the uncursed pair of gloves of the Alphagorgon {rElec Str-5 Int+5}
  3528 | D:4      | Reached XP level 6. HP: 56/59 MP: 5/5
  3578 | D:4      | Noticed Robin
  3597 | D:4      | HP: 2/59 [goblin/dagger of venom[Robin] (3)]
  3604 | D:4      | HP: 1/59 [poisoned by a goblin]
  3605 | D:4      | Succumbed to a goblin's poison

Skill      XL: |  1  2  3  4  5 |
---------------+----------------+-----
Maces & Flails | 2 |  2.9
Dodging        | 3 4 |  4.1
Shields        | 3 |  3.5
Fighting       | |  2.9

Action                   |  1- 3 |  4- 6 || total
-------------------------+-------+-------++-------
Melee: Flail             |   147 |   286 ||   433
  Use: Potion            |       |     3 ||     3
       Scroll            |       |     1 ||     1
 Stab: Sleeping          |       |     1 ||     1
  Eat: Chunk             |     8 |    10 ||    18
       Bread ration      |     1 |     2 ||     3
       Beef jerky        |       |     1 ||     1
Armor: Robe              |    51 |    91 ||   142
Dodge: Dodged            |    43 |   123 ||   166
Block: Shield            |    82 |   163 ||   245
